 Dungeon Crawl Stone Soup version 0.30.0-29-ga12c61a403 (webtiles) character file.

Game seed: 17409278768646497522

991 FishyPogo the Insei (level 8, -5/60 HPs)
             Began as a Gnoll Transmuter on June 4, 2023.
             Was an Initiate of Wu Jian.
             Slain by a killer bee (7 damage)
             ... on level 6 of the Dungeon on June 5, 2023.
             The game lasted 00:20:16 (6411 turns).

FishyPogo the Insei (Gnoll Transmuter)              Turns: 6411, Time: 00:20:17

Health: -5/60      AC:  8    Str: 17    XL:     8   Next: 18%
Magic:  16/17      EV: 13    Int: 14    God:    Wu Jian [......]
Gold:   148        SH:  0    Dex: 18    Spells: 13/19 levels left

rFire   . . .        x - +2 dagger (flame)
rCold   . . .        (no shield)
rNeg    . . .        s - +3 ring mail
rPois   .            (helmet currently unavailable)
rElec   .            (no cloak)
rCorr   .            (no gloves)
SInv    .            (boots currently unavailable)
Will    .....        (no amulet)
Stlth   ++           j - +6 ring of strength
HPRegen 0.30/turn    D - +6 ring of dexterity
MPRegen 0.15/turn

%: no passive effects
@: lethally poisoned (-5 -> -12), appendages, attractive
A: horns 2, talons 2, fangs 1, strong nose, distributed training
a: End Transformation, Renounce Religion


You were on level 6 of the Dungeon.
You worshipped Wu Jian.
Wu Jian was noncommittal.
You had temporarily grown beastly horns and talons.
You visited 2 branches of the dungeon, and saw 8 of its levels.

You collected 220 gold pieces.
You spent 72 gold pieces at shops.

Inventory:

Hand Weapons
 x - a +2 dagger of flaming (weapon)
Missiles
 c - 39 stones
 f - 4 javelins
 C - 2 poisoned darts
Armour
 a - a +0 robe
 s - a +3 ring mail (worn)
Jewellery
 h - a ring of willpower
 j - a +6 ring of strength (left hand)
 D - a +6 ring of dexterity (right hand)
Wands
 z - a wand of charming (3)
Scrolls
 g - a scroll of silence {unknown}
 i - 2 scrolls of immolation {unknown}
 l - a scroll of torment {unknown}
 p - a scroll of fear
 t - 2 scrolls of enchant armour {unknown}
 u - 2 scrolls of poison {unknown}
 y - a scroll of enchant weapon
 A - a scroll of noise {unknown}
 B - a scroll of teleportation {unknown}
 E - a scroll of magic mapping {unknown}
Potions
 b - 3 potions of lignification
 d - 2 potions of might
 e - 2 potions of attraction
 k - 2 potions of brilliance {unknown}
 m - 2 potions of resistance {unknown}
 n - 2 potions of berserk rage
 o - a potion of magic {unknown}
 q - 2 potions of flight
 v - a potion of haste {unknown}
 w - a potion of degeneration {unknown}


   Skills:
 + Level 4.1 Fighting
 + Level 3.1 Short Blades
 + Level 3.1 Long Blades
 + Level 3.1 Axes
 + Level 3.1 Maces & Flails
 + Level 3.1 Polearms
 + Level 3.1 Staves
 + Level 3.1 Ranged Weapons
 + Level 3.1 Throwing
 + Level 3.1 Armour
 + Level 5.6 Dodging
 + Level 3.1 Stealth
 + Level 3.1 Shields
 + Level 7.3 Unarmed Combat
 + Level 6.0 Spellcasting
 + Level 2.5 Conjurations
 + Level 2.5 Hexes
 + Level 2.5 Summonings
 + Level 2.5 Necromancy
 + Level 2.5 Translocations
 + Level 4.6 Transmutations
 + Level 2.5 Fire Magic
 + Level 2.5 Ice Magic
 + Level 2.5 Air Magic
 + Level 2.5 Earth Magic
 + Level 2.5 Poison Magic
 + Level 3.5 Invocations
 + Level 3.1 Evocations


You had 13 spell levels left.
You knew the following spells:

 Your Spells              Type           Power      Damage    Failure   Level
a - Beastly Appendage     Tmut           34%        N/A       4%          1
b - Wereblood             Tmut           17%        N/A       6%          2
c - Spider Form           Tmut/Pois      14%        N/A       19%         3

Your spell library contained the following spells:

 Spells                   Type           Power      Damage    Failure   Level
 Sublimation of Blood     Necr           11%        N/A       16%         2
 Ice Form                 Ice/Tmut       14%        N/A       54%         4
 Petrify                  Tmut/Erth      14%        N/A       54%         4
 Irradiate                Conj/Tmut      7%         3d14      87%         5


Dungeon Overview and Level Annotations

Branches:
Dungeon (7/15)             Temple (1/1) D:5

Altars:
Ashenzari
Cheibriados
Dithmenos
Elyvilon
Fedhas
Gozag
Hepliaklqana
Kikubaaqudgha
Makhleb
Nemelex Xobeh
Okawaru
Qazlal
Ru
Sif Muna
Uskayaw
Vehumet
Wu Jian
Xom
Yredelemnul
Zin

Shops:
D:3 :   D:5 ?

Annotations:
D:3 3 runed translucent doors, Tinylith's ghost, amateur DsFi


Innate Abilities, Weirdness & Mutations

You have temporarily grown beastly horns and talons.
You have very sharp teeth.
Your uncanny sense of smell can sniff out nearby items.
Your experience applies equally to all skills.


Message History

The killer bee is severely wounded.
You feel sick. The killer bee stings you.
You are more poisoned.
The killer bee poisons you!
You hit the killer bee. You burn the killer bee. You claw the killer bee.
You kill the killer bee!
The Council accepts your kill.
You feel sick. The killer bee completely misses you.
Your Spellcasting skill increases to level 6!
You hit the killer bee. You burn the killer bee.
You bite the killer bee, but do no damage.
The killer bee is heavily wounded.
You feel sick. The killer bee stings you.
* * * LOW HITPOINT WARNING * * *
The killer bee stings you.
* * * LOW HITPOINT WARNING * * *
You are lethally poisoned!
The killer bee poisons you!
You closely miss the killer bee. Your kick misses the killer bee.
Your headbutt misses the killer bee.
The killer bee is heavily wounded.
* * * LOW HITPOINT WARNING * * *
You feel very sick.
The killer bee stings you but does no damage.
The killer bee stings you.
* * * LOW HITPOINT WARNING * * *
You completely miss the killer bee. You claw the killer bee.
The killer bee is severely wounded.
* * * LOW HITPOINT WARNING * * *
You feel sick. The killer bee misses you. The killer bee barely misses you.
The killer bee stings you.
* * * LOW HITPOINT WARNING * * *
Unknown command.
Okay, then.
It was a potion of attraction.
You feel attractive to monsters.
* * * LOW HITPOINT WARNING * * *
You feel very sick. The killer bee closely misses you.
The killer bee stings you!
You die...

.♣♣♣...♣♣♣...♣♣♣...# .♣
♣...♣ ♣..P♣ ♣...#
.♣♣♣..P♣♣♣...♣♣♣P..#
...P...............#
...................####
P...........P......##.#
P♣♣♣...♣♣♣...♣♣♣....#.###
.♣ ♣...♣ ♣...♣ ♣.....>..#
P♣♣♣...♣♣♣...♣♣♣@.#.###.#
....P.P.PP...P.yy.#.#<#.#
..................#...#.#
..........P..P.P..#####.#
.♣♣♣..P♣♣♣...♣♣♣........#
.♣ ♣...♣ ♣...♣ ♣...######
.♣♣♣P..♣♣♣...♣♣♣..##
..........P.P...P.#
.......[..........#


You could see 2 killer bees.

Vanquished Creatures
  A sky beast (D:6)
  3 scorpions
  4 killer bees (D:6)
  A jelly (D:5)
  3 hounds
  2 iguanas (D:5)
  Natasha (D:2)
  4 orc wizards
  9 gnolls
  7 adders
  2 ufetubi (D:6)
  3 worms
  4 dart slugs
  8 orcs
  4 bats
  4 endoplasms
  3 giant cockroaches
  7 goblins
  3 hobgoblins
  3 jackals (D:4)
  2 quokkas
  4 ball pythons
  4 frilled lizards
  5 kobolds
  5 rats
96 creatures vanquished.

Notes
Turn   | Place    | Note
-------+----------+-------------------------------------------
     0 | D:1      | FishyPogo the Gnoll Transmuter began the quest for the Orb.
     0 | D:1      | Reached XP level 1. HP: 17/17 MP: 6/6
   133 | D:1      | Reached XP level 2. HP: 20/23 MP: 5/7
   181 | D:1      | Learned a level 2 spell: Wereblood
  1107 | D:2      | Reached skill level 5 in Spellcasting
  1107 | D:2      | Reached XP level 3. HP: 20/28 MP: 6/9
  1111 | D:2      | Learned a level 3 spell: Spider Form
  1423 | D:2      | Reached skill level 1 in Invocations
  1435 | D:2      | Noticed Natasha
  1444 | D:2      | Killed Natasha
  1445 | D:2      | Reached skill level 1 in Short Blades
  1445 | D:2      | Reached skill level 1 in Long Blades
  1445 | D:2      | Reached skill level 1 in Axes
  1445 | D:2      | Reached skill level 1 in Maces & Flails
  1445 | D:2      | Reached skill level 1 in Polearms
  1445 | D:2      | Reached skill level 1 in Staves
  1445 | D:2      | Reached skill level 1 in Ranged Weapons
  1445 | D:2      | Reached skill level 1 in Throwing
  1445 | D:2      | Reached skill level 1 in Armour
  1445 | D:2      | Reached skill level 1 in Stealth
  1445 | D:2      | Reached skill level 1 in Shields
  1445 | D:2      | Reached skill level 1 in Evocations
  1445 | D:2      | Reached XP level 4. HP: 9/34 MP: 9/11
  1795 | D:2      | Reached skill level 1 in Conjurations
  1795 | D:2      | Reached skill level 1 in Hexes
  1795 | D:2      | Reached skill level 1 in Summonings
  1795 | D:2      | Reached skill level 1 in Necromancy
  1795 | D:2      | Reached skill level 1 in Translocations
  1795 | D:2      | Reached skill level 1 in Fire Magic
  1795 | D:2      | Reached skill level 1 in Ice Magic
  1795 | D:2      | Reached skill level 1 in Air Magic
  1795 | D:2      | Reached skill level 1 in Earth Magic
  1795 | D:2      | Reached skill level 1 in Poison Magic
  2502 | D:3      | Found a runed translucent gate.
  2503 | D:3      | Found a runed translucent gate.
  2503 | D:3      | Found a runed translucent gate.
  2503 | D:3      | Noticed Tinylith's ghost (amateur DsFi)
  2707 | D:3      | Reached XP level 5. HP: 39/40 MP: 10/12
  2818 | D:3      | Found Ibazidim's Book Boutique.
  3738 | D:4      | Reached XP level 6. HP: 47/47 MP: 12/14
  3917 | D:5      | Entered Level 5 of the Dungeon
  3930 | D:5      | Reached skill level 5 in Dodging
  4337 | D:5      | Found Wairuk's Magic Scroll Shoppe.
  4352 | D:5      | Bought a scroll of identify for 24 gold pieces
  4352 | D:5      | Bought a scroll of fear for 48 gold pieces
  4503 | D:5      | Reached XP level 7. HP: 36/52 MP: 15/15
  4505 | D:5      | Reached skill level 7 in Unarmed Combat
  5024 | D:5      | Found a staircase to the Ecumenical Temple.
  5029 | Temple   | Entered the Ecumenical Temple
  5029 | Temple   | Found a transporter.
  5029 | Temple   | Found a transporter.
  5035 | Temple   | Found a transporter.
  5035 | Temple   | Found a transporter.
  5816 | D:6      | Found a glowing silver altar of Zin.
  5817 | D:6      | Found a sparkling altar of Nemelex Xobeh.
  5819 | D:6      | Found a hazy altar of Hepliaklqana.
  5822 | D:6      | Found an ornate altar of the Wu Jian Council.
  5823 | D:6      | Found a stormy altar of Qazlal.
  5823 | D:6      | Found a shadowy altar of Dithmenos.
  5823 | D:6      | Found an ancient bone altar of Kikubaaqudgha.
  5823 | D:6      | Found a broken altar of Ashenzari.
  5825 | D:6      | Became a worshipper of the Wu Jian Council
  5827 | D:6      | Found a blossoming altar of Fedhas.
  5828 | D:6      | Found a snail-covered altar of Cheibriados.
  5829 | D:6      | Found a shimmering altar of Xom.
  5830 | D:6      | Found a shimmering blue altar of Sif Muna.
  5831 | D:6      | Found a burning altar of Makhleb.
  6031 | D:6      | Reached XP level 8. HP: 20/60 MP: 16/16
  6411 | D:6      | HP: 2/60 [poisoned by a killer bee]
  6411 | D:6      | Slain by a killer bee

Illustrated notes

Levels and vault maps discovered:
D:1:      heliophobic_arrival_glass_houses, layout_basic
D:2:      layout_basic, uniq_natasha
D:3:      layout_basic, gammafunk_ghost_split, serial_shops, shop
D:4:      layout_loops_ring
D:5:      layout_gridville, minmay_temple_entry_nine_rooms, serial_shops, shop,
          dreamdust_princess_bridge, grunt_decor_cap
D:6:      layout_basic, minitemple, kennysheep_boxes
D:7:      layout_rooms, lemuel_doored_altar, serial_glass, glass_columns_c,
          glass_columns_a
Temple:   hellmonk_temple_divided_pantheon

Skill      XL: |  1  2  3  4  5  6  7  8 |
---------------+-------------------------+-----
Spellcasting   | 5 6 |  6.0
Invocations    | 1 2 3 |  3.5
Short Blades   | 1 2 3 |  3.1
Long Blades    | 1 2 3 |  3.1
Axes           | 1 2 3 |  3.1
Maces & Flails | 1 2 3 |  3.1
Polearms       | 1 2 3 |  3.1
Staves         | 1 2 3 |  3.1
Ranged Weapons | 1 2 3 |  3.1
Throwing       | 1 2 3 |  3.1
Armour         | 1 2 3 |  3.1
Stealth        | 1 2 3 |  3.1
Shields        | 1 2 3 |  3.1
Evocations     | 1 2 3 |  3.1
Conjurations   | 1 2 |  2.5
Hexes          | 1 2 |  2.5
Summonings     | 1 2 |  2.5
Necromancy     | 1 2 |  2.5
Translocations | 1 2 |  2.5
Fire Magic     | 1 2 |  2.5
Ice Magic      | 1 2 |  2.5
Air Magic      | 1 2 |  2.5
Earth Magic    | 1 2 |  2.5
Poison Magic   | 1 2 |  2.5
Fighting       | 3 4 |  4.1
Transmutations | 4 |  4.6
Dodging        | 5 |  5.6
Unarmed Combat | 7 |  7.3

Action                     |  1- 3 |  4- 6 |  7- 9 || total
---------------------------+-------+-------+-------++-------
  Melee: Unarmed           |    56 |   100 |       ||   156
         Kick              |     9 |    22 |    32 ||    63
         Headbutt          |     7 |    22 |    19 ||    48
         Punch             |     1 |     8 |     4 ||    13
         Bite              |     1 |     7 |    16 ||    24
         Dagger            |       |    30 |   131 ||   161
   Cast: Beastly Appendage |    18 |    27 |    14 ||    59
         Wereblood         |       |     2 |     6 ||     8
         Spider Form       |       |     2 |       ||     2
Ability: Lunge             |       |       |     3 ||     3
    Use: Scroll            |       |     4 |     2 ||     6
         Potion            |       |       |     2 ||     2
   Stab: Sleeping          |     2 |     1 |     1 ||     4
         Distracted        |       |     1 |       ||     1
 Armour: Robe              |     6 |     8 |       ||    14
         Ring mail         |       |    17 |    68 ||    85
  Dodge: Dodged            |    28 |    74 |    90 ||   192
